| TOP OF THE 1ST |
|
Colorado Springs Sky Sox batting - Pitching for Lehigh Valley IronPigs : RHP Victor Hurtado
|
|
Pitching: RHP Victor Hurtado
|
|
|
Batting: LHB Steve Gilliam
|
0-0: Called Strike 0-1: Foul Ball, location: 2F 0-2: Ball 1-2: Foul Ball, location: 2F 1-2: Strikes out swinging
|
|
Batting: RHB Juan Figueroa
|
0-0: Bunted foul 0-1: Ball 1-1: Swinging Strike 1-2: Foul Ball, location: 2F 1-2: Ground out 4-3 (Groundball, 4, EV 92.5 MPH)
|
|
Batting: RHB Maurice Moore
|
0-0: Ball 1-0: Fly out, F8 (Flyball, 8RD, EV 90.6 MPH)
|
| Top of the 1st over - 0 runs, 0 hits, 0 errors, 0 left on base; Colorado Springs 0 - Lehigh Valley 0 |
| BOTTOM OF THE 1ST |
|
Lehigh Valley IronPigs batting - Pitching for Colorado Springs Sky Sox : RHP Iehohs Inatho
|
|
Pitching: RHP Iehohs Inatho
|
|
|
Batting: LHB Theodore Conboy
|
0-0: Called Strike 0-1: Foul Ball, location: 2F 0-2: Foul Ball, location: 2F 0-2: Strikes out looking
|
|
Batting: RHB Alberto Ramirez
|
0-0: Called Strike 0-1: Foul Ball, location: 2F 0-2: Ball 1-2: Ball 2-2: SINGLE (Line Drive, 9S, EV 107.5 MPH)
|
|
Batting: RHB Carlos Morejon
|
0-0: Grounds into double play, 6-4-3 (Groundball, 6, EV 97.5 MPH)
|
| Bottom of the 1st over - 0 runs, 1 hit, 0 errors, 0 left on base; Colorado Springs 0 - Lehigh Valley 0 |
| TOP OF THE 2ND |
|
Colorado Springs Sky Sox batting - Pitching for Lehigh Valley IronPigs : RHP Victor Hurtado
|
|
Batting: LHB Michael Krott
|
0-0: Ball 1-0: Ball 2-0: Ball 3-0: Base on Balls
|
|
Batting: RHB Mike McElroy
|
0-0: Ball Wild Pitch! Michael Krott to second 1-0: Ground out 4-3 (Groundball, 4, EV 83.1 MPH) Michael Krott to third
|
|
Batting: RHB Eduardo Camacho
|
0-0: Ball 1-0: Ball 2-0: SINGLE (Groundball, 34D, EV 104.4 MPH) Michael Krott scores
|
|
Batting: RHB John Stevenson
|
0-0: Grounds into double play, 6-4-3 (Groundball, 6, EV 85.6 MPH)
|
| Top of the 2nd over - 1 run, 1 hit, 0 errors, 0 left on base; Colorado Springs 1 - Lehigh Valley 0 |
| BOTTOM OF THE 2ND |
|
Lehigh Valley IronPigs batting - Pitching for Colorado Springs Sky Sox : RHP Iehohs Inatho
|
|
Batting: LHB Josh George
|
0-0: Ball 1-0: Foul Ball, location: 2F 1-1: Ground out 6-3 (Groundball, 4M, EV 93.1 MPH)
|
|
Batting: RHB Mark Schultz
|
0-0: Called Strike 0-1: Foul Ball, location: 2F 0-2: Foul Ball, location: 2F 0-2: Ball 1-2: Ground out 4-3 (Groundball, 4, EV 101.9 MPH)
|
|
Batting: SHB Marco de Leon
|
0-0: Called Strike 0-1: Ball 1-1: Foul Ball, location: 2F 1-2: Ball 2-2: Ball 3-2: Base on Balls
|
|
Batting: RHB Kyle Reilly
|
0-0: Ball 1-0: Ground out 4-3 (Groundball, 4, EV 101.9 MPH)
|
| Bottom of the 2nd over - 0 runs, 0 hits, 0 errors, 1 left on base; Colorado Springs 1 - Lehigh Valley 0 |
| TOP OF THE 3RD |
|
Colorado Springs Sky Sox batting - Pitching for Lehigh Valley IronPigs : RHP Victor Hurtado
|
|
Batting: LHB Iehohs Inatho
|
0-0: Swinging Strike 0-1: Bunted foul 0-2: Ball 1-2: Strikes out swinging
|
|
Batting: SHB Jamie Mims
|
0-0: Ball 1-0: DOUBLE (Line Drive, 9LM, EV 96.9 MPH)
|
|
Batting: LHB Steve Gilliam
|
0-0: Ground out 5-3 (Groundball, 5, EV 108.8 MPH)
|
|
Batting: RHB Juan Figueroa
|
0-0: SINGLE (Groundball, 6S, EV 68.1 MPH) (infield hit) Jamie Mims to third
|
|
Batting: RHB Maurice Moore
|
0-0: Foul Ball, location: 2F 0-1: Swinging Strike 0-2: Ball 1-2: Ball Juan Figueroa steals 2nd base 2-2: Ground out 6-3 (Groundball, P, EV 83.1 MPH)
|
| Top of the 3rd over - 0 runs, 2 hits, 0 errors, 2 left on base; Colorado Springs 1 - Lehigh Valley 0 |
| BOTTOM OF THE 3RD |
|
Lehigh Valley IronPigs batting - Pitching for Colorado Springs Sky Sox : RHP Iehohs Inatho
|
|
Batting: SHB Benjamin Brown
|
0-0: Foul Ball, location: 2F 0-1: Ball 1-1: Ball 2-1: Foul Ball, location: 2F 2-2: Ball 3-2: Base on Balls
|
|
Batting: RHB Moritake Fukumoto
|
0-0: Swinging Strike 0-1: Ball 1-1: Swinging Strike 1-2: Ball 2-2: Foul Ball, location: 2F 2-2: Foul Ball, location: 2F 2-2: Foul Ball, location: 2F 2-2: Foul Ball, location: 2F 2-2: SINGLE (Groundball, 56D, EV 110.0 MPH) Benjamin Brown to second
|
|
Batting: LHB Theodore Conboy
|
0-0: Called Strike 0-1: SINGLE (Groundball, 56S, EV 65.0 MPH) (infield hit) Benjamin Brown to third Moritake Fukumoto to second
|
|
Batting: RHB Alberto Ramirez
|
0-0: Called Strike 0-1: Called Strike 0-2: SINGLE (Groundball, 6S, EV 69.4 MPH) (infield hit) Benjamin Brown scores Moritake Fukumoto to third Theodore Conboy to second
|
|
Batting: RHB Carlos Morejon
|
0-0: Called Strike 0-1: Swinging Strike 0-2: Strikes out looking
|
|
Batting: LHB Josh George
|
0-0: Ball 1-0: Fielders Choice at 2nd, 4-6 (Groundball, 4, EV 83.1 MPH) Moritake Fukumoto scores Theodore Conboy to third
|
|
Batting: RHB Mark Schultz
|
0-0: Called Strike 0-1: Reached on error, E5 (Groundball, 56, EV 103.8 MPH) Theodore Conboy scores Josh George to second
|
|
Batting: SHB Marco de Leon
|
0-0: Foul Ball, location: 2F 0-1: Fielders Choice at 2nd, U4 (Groundball, 4M, EV 88.8 MPH)
|
| Bottom of the 3rd over - 3 runs, 3 hits, 1 error, 2 left on base; Colorado Springs 1 - Lehigh Valley 3 |
| TOP OF THE 4TH |
|
Colorado Springs Sky Sox batting - Pitching for Lehigh Valley IronPigs : RHP Victor Hurtado
|
|
Batting: LHB Michael Krott
|
0-0: Ball 1-0: Called Strike 1-1: Called Strike 1-2: Strikes out looking
|
|
Batting: RHB Mike McElroy
|
0-0: Ball 1-0: Ball 2-0: Called Strike 2-1: Ball 3-1: Foul Ball, location: 2F 3-2: Foul Ball, location: 2F 3-2: Base on Balls
|
|
Batting: RHB Eduardo Camacho
|
0-0: Fielders Choice at 2nd, 4-6 (Groundball, 34, EV 101.2 MPH)
|
|
Batting: RHB John Stevenson
|
0-0: Ball 1-0: Called Strike Pickoff Throw by Catcher to First - Out!
|
| Top of the 4th over - 0 runs, 0 hits, 0 errors, 0 left on base; Colorado Springs 1 - Lehigh Valley 3 |
| BOTTOM OF THE 4TH |
|
Lehigh Valley IronPigs batting - Pitching for Colorado Springs Sky Sox : RHP Iehohs Inatho
|
|
Batting: RHB Kyle Reilly
|
0-0: SINGLE (Groundball, 6MD, EV 110.0 MPH)
|
|
Batting: SHB Benjamin Brown
|
0-0: Called Strike 0-1: Ball 1-1: Ball 2-1: Foul Ball, location: 2F 2-2: Ball 3-2: Base on Balls Kyle Reilly to second
|
|
Batting: RHB Moritake Fukumoto
|
0-0: Ball 1-0: Ball 2-0: Ball 3-0: Called Strike 3-1: Foul Ball, location: 2F 3-2: Foul Ball, location: 2F 3-2: Foul Ball, location: 2F 3-2: Base on Balls Kyle Reilly to third Benjamin Brown to second
|
|
Batting: LHB Theodore Conboy
|
0-0: Fielders Choice at 2nd, 6-4 (Groundball, 6, EV 82.5 MPH) Kyle Reilly scores Benjamin Brown to third
|
|
Batting: RHB Alberto Ramirez
|
0-0: Called Strike 0-1: Ball 1-1: Ball 2-1: Swinging Strike 2-2: Ball 3-2: Base on Balls Theodore Conboy to second
|
|
Batting: RHB Carlos Morejon
|
0-0: Ball 1-0: Foul Ball, location: 2F 1-1: Swinging Strike 1-2: Ball 2-2: Grounds into double play, 4-6-3 (Groundball, 4, EV 78.8 MPH)
|
| Bottom of the 4th over - 1 run, 1 hit, 0 errors, 2 left on base; Colorado Springs 1 - Lehigh Valley 4 |
| TOP OF THE 5TH |
|
Colorado Springs Sky Sox batting - Pitching for Lehigh Valley IronPigs : RHP Victor Hurtado
|
|
Batting: RHB John Stevenson
|
0-0: Called Strike 0-1: Ball 1-1: Called Strike 1-2: Strikes out looking
|
|
Batting: LHB Iehohs Inatho
|
0-0: Foul Ball, location: 2F 0-1: Ball 1-1: Swinging Strike 1-2: Ball 2-2: Strikes out swinging
|
|
Batting: SHB Jamie Mims
|
0-0: Fly out, F7 (Flyball, 7, EV 88.8 MPH)
|
| Top of the 5th over - 0 runs, 0 hits, 0 errors, 0 left on base; Colorado Springs 1 - Lehigh Valley 4 |
| BOTTOM OF THE 5TH |
|
Lehigh Valley IronPigs batting - Pitching for Colorado Springs Sky Sox : RHP Iehohs Inatho
|
|
Batting: LHB Josh George
|
0-0: Called Strike 0-1: Ball 1-1: DOUBLE (Groundball, 5L, EV 102.5 MPH)
|
|
Batting: RHB Mark Schultz
|
0-0: Ground out 4-3 (Groundball, 4, EV 83.1 MPH) Josh George to third
|
|
Batting: SHB Marco de Leon
|
0-0: Ball 1-0: Foul Ball, location: 2F 1-1: Called Strike 1-2: Strikes out looking
|
|
Pitching: RHP Zach Sommer
|
|
|
Batting: RHB Kyle Reilly
|
0-0: Ball Wild Pitch! Josh George scores 1-0: Fly out, F7 (Line Drive, 7, EV 85.6 MPH)
|
| Bottom of the 5th over - 1 run, 1 hit, 0 errors, 0 left on base; Colorado Springs 1 - Lehigh Valley 5 |
| TOP OF THE 6TH |
|
Colorado Springs Sky Sox batting - Pitching for Lehigh Valley IronPigs : RHP Victor Hurtado
|
|
Batting: LHB Steve Gilliam
|
0-0: Ball 1-0: Ball 2-0: Called Strike 2-1: Foul Ball, location: 2F 2-2: Ball 3-2: Foul Ball, location: 2F 3-2: Fly out, F8 (Line Drive, 8RM, EV 96.2 MPH)
|
|
Batting: RHB Juan Figueroa
|
0-0: Ball 1-0: Fly out, F8 (Flyball, 8RS, EV 90.6 MPH)
|
|
Batting: RHB Maurice Moore
|
0-0: DOUBLE (Groundball, 3L, EV 103.8 MPH)
|
|
Batting: LHB Michael Krott
|
0-0: Called Strike 0-1: Ball 1-1: Foul Ball, location: 2F 1-2: Ball 2-2: Ball 3-2: Base on Balls
|
|
Batting: RHB Mike McElroy
|
0-0: Called Strike 0-1: 3-RUN HOME RUN (Flyball, 7D, EV 108.1 MPH), Distance : 424 ft
|
|
Batting: RHB Eduardo Camacho
|
0-0: Ball 1-0: Foul Ball, location: 2F 1-1: Called Strike 1-2: SINGLE (Groundball, 56D, EV 95.6 MPH)
|
|
Batting: RHB John Stevenson
|
0-0: Ball 1-0: Called Strike 1-1: Foul Ball, location: 2F 1-2: Ball 2-2: Strikes out looking
|
| Top of the 6th over - 3 runs, 3 hits, 0 errors, 1 left on base; Colorado Springs 4 - Lehigh Valley 5 |
| BOTTOM OF THE 6TH |
|
Lehigh Valley IronPigs batting - Pitching for Colorado Springs Sky Sox : RHP Zach Sommer
|
|
Batting: SHB Benjamin Brown
|
0-0: Ball 1-0: Ball 2-0: Ball 3-0: Called Strike 3-1: Base on Balls
|
|
Batting: RHB Moritake Fukumoto
|
0-0: Ball 1-0: Called Strike 1-1: Called Strike 1-2: Ball 2-2: Ball 3-2: Base on Balls Benjamin Brown to second
|
|
Batting: LHB Theodore Conboy
|
0-0: Ball 1-0: Foul Ball, location: 2F 1-1: Ball 2-1: SINGLE (Groundball, 6M, EV 102.5 MPH) (infield hit) Benjamin Brown to third Moritake Fukumoto to second
|
|
Batting: RHB Alberto Ramirez
|
0-0: Ball 1-0: Ball 2-0: Ball 3-0: Base on Balls Benjamin Brown scores Moritake Fukumoto to third Theodore Conboy to second
|
|
Batting: RHB Carlos Morejon
|
0-0: Called Strike 0-1: Foul Ball, location: 2F 0-2: Strikes out swinging
|
|
Batting: LHB Josh George
|
0-0: Foul Ball, location: 2F 0-1: Ball 1-1: Called Strike 1-2: Strikes out swinging
|
|
Batting: RHB Mark Schultz
|
0-0: Foul Ball, location: 2F 0-1: Ball 1-1: Fly out, F7 (Line Drive, 78M, EV 88.8 MPH)
|
| Bottom of the 6th over - 1 run, 1 hit, 0 errors, 3 left on base; Colorado Springs 4 - Lehigh Valley 6 |
| TOP OF THE 7TH |
|
Colorado Springs Sky Sox batting - Pitching for Lehigh Valley IronPigs : RHP Victor Hurtado
|
|
Batting: LHB Iehohs Inatho
|
0-0: Called Strike 0-1: SINGLE (Line Drive, 34D, EV 105.6 MPH)
|
|
Batting: SHB Jamie Mims
|
0-0: Fielders Choice at 2nd, 4-6 (Groundball, 34, EV 88.8 MPH)
|
|
Batting: LHB Steve Gilliam
|
0-0: Called Strike 0-1: Fielders Choice at 2nd, 5-4 (Groundball, 56, EV 103.8 MPH)
|
|
Pinch Hitting: LHB Luke Coulter
|
0-0: Foul Ball, location: 2F 0-1: Ball Steve Gilliam steals 2nd base 1-1: Ground out 5-3 (Groundball, 6S, EV 71.2 MPH)
|
| Top of the 7th over - 0 runs, 1 hit, 0 errors, 1 left on base; Colorado Springs 4 - Lehigh Valley 6 |
| BOTTOM OF THE 7TH |
|
Lehigh Valley IronPigs batting - Pitching for Colorado Springs Sky Sox : RHP Zach Sommer
|
|
Now in RF: John Boyer
|
|
|
Batting: SHB Marco de Leon
|
0-0: Called Strike 0-1: Swinging Strike 0-2: Ball 1-2: Ball 2-2: Strikes out swinging
|
|
Batting: RHB Kyle Reilly
|
0-0: Ball 1-0: Called Strike 1-1: Fly out, F8 (Line Drive, 8RM, EV 108.8 MPH)
|
|
Batting: SHB Benjamin Brown
|
0-0: Ball 1-0: SINGLE (Groundball, 34D, EV 106.9 MPH)
|
|
Batting: RHB Moritake Fukumoto
|
0-0: Ball 1-0: Ball 2-0: Ball 3-0: Base on Balls Benjamin Brown to second
|
|
Batting: LHB Theodore Conboy
|
0-0: Ball 1-0: Called Strike 1-1: Foul Ball, location: 2F 1-2: Strikes out swinging
|
| Bottom of the 7th over - 0 runs, 1 hit, 0 errors, 2 left on base; Colorado Springs 4 - Lehigh Valley 6 |
| TOP OF THE 8TH |
|
Colorado Springs Sky Sox batting - Pitching for Lehigh Valley IronPigs : RHP Victor Hurtado
|
|
Pitching: RHP Alex Florez
|
|
|
Batting: RHB Maurice Moore
|
0-0: Foul Ball, location: 2F 0-1: Ground out 4-3 (Groundball, 4, EV 83.1 MPH)
|
|
Batting: LHB Michael Krott
|
0-0: Ball 1-0: Swinging Strike 1-1: Ball 2-1: Ball 3-1: Base on Balls
|
|
Batting: RHB Mike McElroy
|
0-0: SINGLE (Groundball, 56, EV 106.2 MPH) (infield hit) Michael Krott to second
|
|
Batting: RHB Eduardo Camacho
|
0-0: Called Strike 0-1: Fielders Choice at 2nd, 3-6 (Groundball, 34S, EV 88.8 MPH) Michael Krott to third
|
|
Pinch Hitting: SHB Bobby Santor
|
0-0: Called Strike 0-1: Ball 1-1: SINGLE (Groundball, 34S, EV 74.4 MPH) (infield hit) Michael Krott scores Eduardo Camacho to second
|
|
Batting: LHB Iehohs Inatho
|
0-0: Ball 1-0: Foul Ball, location: 2F 1-1: Fly out, F7 (Flyball, 78M, EV 86.2 MPH)
|
| Top of the 8th over - 1 run, 2 hits, 0 errors, 2 left on base; Colorado Springs 5 - Lehigh Valley 6 |
| BOTTOM OF THE 8TH |
|
Lehigh Valley IronPigs batting - Pitching for Colorado Springs Sky Sox : RHP Zach Sommer
|
|
Pitching: RHP Davon Ware
|
|
|
Now at 1B: Bobby Santor
|
|
|
Now in CF: Steve Gilliam
|
|
|
Batting: RHB Alberto Ramirez
|
0-0: Ball 1-0: Ground out 4-3 (Groundball, 4, EV 80.6 MPH)
|
|
Batting: RHB Carlos Morejon
|
0-0: Ball 1-0: SINGLE (Line Drive, 89S, EV 86.2 MPH)
|
|
Batting: LHB Josh George
|
0-0: SINGLE (Line Drive, 3D, EV 96.9 MPH) Carlos Morejon to second
|
|
Batting: RHB Mark Schultz
|
0-0: SINGLE (Groundball, 4MS, EV 73.8 MPH) (infield hit) Carlos Morejon to third Josh George to second
|
|
Batting: SHB Marco de Leon
|
0-0: Ball 1-0: Ball 2-0: Fly out, F7 (Line Drive, 7S, EV 96.2 MPH)
|
|
Batting: RHB Kyle Reilly
|
0-0: Ball 1-0: Called Strike 1-1: Ball 2-1: Foul Ball, location: 2F 2-2: Strikes out swinging
|
| Bottom of the 8th over - 0 runs, 3 hits, 0 errors, 3 left on base; Colorado Springs 5 - Lehigh Valley 6 |
| TOP OF THE 9TH |
|
Colorado Springs Sky Sox batting - Pitching for Lehigh Valley IronPigs : RHP Alex Florez
|
|
Pitching: RHP Andy Burchfield
|
|
|
Now at 1B: Marco de Leon
|
|
|
Now at 2B: Jake Cox
|
|
|
Now in CF: Jose Carlos
|
|
|
Batting: SHB Jamie Mims
|
0-0: Swinging Strike 0-1: Ball 1-1: Foul Ball, location: 2F 1-2: Ball 2-2: Strikes out swinging
|
|
Batting: LHB Steve Gilliam
|
0-0: Ball 1-0: Ball 2-0: Ball 3-0: Base on Balls
|
|
Batting: RHB John Boyer
|
0-0: Foul Ball, location: 2F 0-1: Ball 1-1: Ball 2-1: Swinging Strike 2-2: Ball 3-2: Ground out 6-3 (Groundball, 6M, EV 92.5 MPH) Steve Gilliam to second
|
|
Pinch Hitting: LHB Greg Valenzuela
|
0-0: Foul Ball, location: 2F 0-1: Fly out, F7 (Flyball, 7LSF, EV 90.0 MPH)
|
| Top of the 9th over - 0 runs, 0 hits, 0 errors, 1 left on base; Colorado Springs 5 - Lehigh Valley 6 |
|